 Dungeon Crawl Stone Soup version 0.24-a0-408-gcc1054c (webtiles) character file.

Game seed: 12496383263046354831

109 Deathlysoul the Shield-Bearer (level 4, -2/41 HPs)
             Began as a Minotaur Fighter on June 6, 2019.
             Slain by an ogre
             ... wielding a +0 giant club
              (4 damage)
             ... on level 4 of the Dungeon.
             The game lasted 00:03:45 (3191 turns).

Deathlysoul the Shield-Bearer (Minotaur Fighter)    Turns: 3191, Time: 00:03:46

Health: -2/41      AC:  9    Str: 21    XL:     4   Next: 59%
Magic:  3/3        EV:  5    Int:  5    God:
Gold:   225        SH:  9    Dex: 10    Spells: 3/3 levels left

rFire    . . .     SeeInvis .   a - +0 flail
rCold    . . .     Gourm    .   c - +0 shield
rNeg     . . .     Faith    .   m - +0 chain mail
rPois    .         Spirit   .   (helmet restricted)
rElec    .         Reflect  .   (no cloak)
rCorr    .         Harm     .   (no gloves)
MR       +....                  (no boots)
Stlth    ..........             (no amulet)
HPRegen  0.13/turn              o - ring of protection from magic
MPRegen  0.08/turn              (no ring)

@: no status effects
A: retaliatory headbutt, horns 2
a: no special abilities


You were on level 4 of the Dungeon.
You were not hungry.

You visited 1 branch of the dungeon, and saw 4 of its levels.

You collected 225 gold pieces.

Inventory:

Hand Weapons
 a - a +0 flail (weapon)
Missiles
 j - 6 javelins (quivered)
Armour
 b - a +0 scale mail
 c - a +0 shield (worn)
 m - a +0 chain mail (worn)
Jewellery
 o - a ring of protection from magic (left hand)
 s - an uncursed ring of flight
Scrolls
 p - a scroll of amnesia {unknown}
 t - 2 scrolls of identify
Potions
 d - 3 potions of might
 e - a potion of haste {unknown}
 g - a potion of curing {unknown}
 h - 2 potions of agility
 i - 2 potions of lignification {unknown}
 l - 2 potions of berserk rage {unknown}
 n - a potion of resistance
Comestibles
 f - 8 rations


   Skills:
 * Level 4.5 Fighting
 * Level 3.6 Maces & Flails
 * Level 4.5 Armour
 * Level 4.5 Shields


You had 3 spell levels left.
You didn't know any spells.
Your spell library was empty.

Dungeon Overview and Level Annotations

Branches:
Dungeon (4/15)
 Temple: D:4-7

Altars:

Annotations:
D:3 1 runed translucent door, dcantu's ghost, amateur TrBe


Innate Abilities, Weirdness & Mutations

You reflexively headbutt those who attack you in melee.
You have a pair of horns on your head.


Message History

The ogre hits you with a +0 giant club.
You hit the ogre.
The ogre is lightly wounded.
The ogre hits you with a +0 giant club!!
You are too injured to fight recklessly!
You are too injured to fight recklessly!
You are too injured to fight recklessly!
You are too injured to fight recklessly!
You hit the ogre. Your headbutt misses the ogre.
The ogre is moderately wounded.
The ogre completely misses you.
You hit the ogre.
The ogre is moderately wounded.
A bullfrog zombie comes into view.
The ogre hits you with a +0 giant club!
* * * LOW HITPOINT WARNING * * *
You sock the ogre!
The ogre is severely wounded.
The ogre hits you with a +0 giant club.
You die...

#### #.. ....# #Z.
#.[ .. .# #O#
#.##.##.##
####@###
#.#.......
#.$....###.#.....#
#.##.#.#.........#
# #.........##..#
###.#.........#
#.###.##...##
#......# #.##.#.#
## #...####
#.##.#.# #. ....
#......# #.


You could see an ogre and a bullfrog zombie.

Vanquished Creatures
  Robin (D:2)
  2 adders (D:2)
  6 worms
  A leopard gecko (D:3)
  An orc (D:3)
  8 giant cockroaches
  15 goblins
  3 hobgoblins (D:2)
  A quokka (D:2)
  3 bats
  3 frilled lizards
  9 kobolds
  6 rats
59 creatures vanquished.

Notes
Turn   | Place    | Note
-------+----------+-------------------------------------------
     0 | D:1      | Deathlysoul the Minotaur Fighter began the quest for the
                  | Orb.
     0 | D:1      | Reached XP level 1. HP: 19/19 MP: 0/0
   395 | D:1      | Reached XP level 2. HP: 27/27 MP: 1/1
   747 | D:2      | Noticed Robin
   762 | D:2      | Reached XP level 3. HP: 26/33 MP: 2/2
   779 | D:2      | Killed Robin
  1366 | D:2      | Reached XP level 4. HP: 40/40 MP: 3/3
  2593 | D:3      | Noticed dcantu's ghost (amateur TrBe)
  2599 | D:3      | Found a runed translucent door.
  3185 | D:4      | Noticed an ogre
  3190 | D:4      | HP: 2/41 [ogre/+0 giant club (16)]
  3191 | D:4      | Slain by an ogre

Levels and vault maps discovered:
D:1:      dpeg_arrival_round_c, layout_loops_ring
D:2:      layout_basic, uniq_robin
D:3:      layout_loops_ring, hellmonk_ghost_happy_afterlife,
          wander_ebering_terrifying_dragon_lair
D:4:      layout_loops_cross

Skill      XL: |  1  2 |
---------------+-------+-----
Fighting       | 4 |  4.5
Maces & Flails | 3 |  3.6
Armour         | 4 |  4.5
Shields        | 4 |  4.5

Action                   |  1- 3 |  4- 6 || total
-------------------------+-------+-------++-------
Melee: Flail             |    84 |    57 ||   141
       Headbutt          |    10 |    10 ||    20
  Use: Scroll            |       |     6 ||     6
  Eat: Chunk             |     1 |     3 ||     4
       Ration            |       |     1 ||     1
Armor: Scale mail        |    27 |    21 ||    48
       Chain mail        |       |     9 ||     9
Dodge: Dodged            |    19 |     7 ||    26
Block: Shield            |    43 |    23 ||    66

Table legend:
 A = Non-vault XP
 B = Vault XP
 C = Vault XP percentage of total XP
 D = Non-vault monster count
 E = Vault monster count
 F = Vault count percentage of total count
                 A         B        C        D         E       F
            +---------+---------+-------+---------+---------+-------
      Total |     117 |      39 |  25.0 |      47 |      12 |  20.3
            +---------+---------+-------+---------+---------+-------
        D:1 |      18 |       0 |   0.0 |      12 |       0 |   0.0
        D:2 |      64 |      36 |  36.0 |      22 |      11 |  33.3
        D:3 |      35 |       3 |   7.9 |      13 |       1 |   7.1
            +---------+---------+-------+---------+---------+-------
